[Event "Early-Titled-Tuesday-Blitz-November-28-2023"]
[Site "Chess.com"]
[Date "2023.11.28"]
[Round "8"]
[White "Ziyamammadov"]
[Black "zeitnotakrobat"]
[Result "0-1"]
[WhiteElo "1901"]
[BlackElo "2398"]
[TimeControl "180+1"]
[EndTime "9:35:32 PST"]
[Termination "zeitnotakrobat won by resignation"]

1. e4 c5 2. Nf3 e6 3. d4 cxd4 4. Nxd4 a6 5. Nc3 Qc7 6. f3 Nf6 7. Be3 b5 8. Qd2 Bb7 9. O-O-O Bb4 10. a3 Be7 11. Bf4 e5 12. Bg3 O-O 13. Nf5 Bd8 14. h4 g6 15. Nh6+ Kg7 16. Ng4 Nxg4 17. fxg4 Be7 18.
Nd5 Bxd5 19. Qxd5 Nc6 20. Qxd7 Rac8 21. Qxc7 Rxc7 22. h5 f6 23. hxg6 hxg6 24. Be2 Nd4 25. Bd3 Rfc8 26. c3 b4 27. axb4 Bxb4 28. Kb1 Bxc3 29. Bc2 Nxc2 30. Kxc2 Be1+ 31. Kb1 Bxg3 32. Rhf1 Bf4 33. Rf3 Rc1+ 34. Rxc1 Rxc1+ 35. Ka2 Rc4 36. g3 Bg5 37. Rd3 Rxe4 38. Rd7+ Kh6 39. Ra7 Rxg4 40. Rxa6 Rxg3 41. b4 f5 42. b5 Be3 43. Kb3 Bd4+ 44. Kc4 Rc3+ 45. Kd5 Kg5 46. b6 Bxb6 47. Rxb6 e4 48.
Kd4 Rd3+ 49. Kc4 Rd1 50. Rb2 f4 51. Rb5+ Kg4 52. Rb6 g5 53. Rb2 e3 54. Rg2+ Kf5 55.
Re2 g4 56. Rb2 Ke4 57. Rb7 Rc1+ 0-1

[Event "Early-Titled-Tuesday-Blitz-November-28-2023"]
[Site "Chess.com"]
[Date "2023.11.28"]
[Round "8"]
[White "luckyswitchback"]
[Black "h4parah5"]
[Result "1-0"]
[WhiteElo "2809"]
[BlackElo "2930"]
[TimeControl "180+1"]
[EndTime "9:35:33 PST"]
[Termination "luckyswitchback won by resignation"]

1. e4 c5 2. Nf3 Nc6 3. Bb5 e6 4. Bxc6 bxc6 5. b3 f6 6. d3 Ne7 7. Nh4 Qc7 8. f4 d5 9. c4 d4 10. O-O Ng6 11. Qh5 Qf7 12. Nd2 Nxf4 13. Qxf7+ Kxf7 14. Rxf4 g5 15. Rf1 gxh4 16. Nf3 h3 17. Ng5+ Kg6 18. Nxh3 e5 19. Rf3 h5 20. Rg3+ Kf7 21. Bd2 h4 22. Rf3 Bg4 23. Rf2 Be7 24. Ng5+ Kg6 25. h3 Bd7 26. Nf3 a5 27. Be1 a4 28. bxa4 Rxa4 29. Rb2 Ra3 30. Nxh4+ Kf7 31.
Rb3 Rha8 32. Rb7 Ke6 33. Nf5 Rxd3 34. Rab1 Bf8 35. a4 Ra3 36. a5 Ra4 37. Rc7 Rb4 38. Bxb4 cxb4 39. Ra1 Bc5 40. Kf1 Rb8 41. a6 b3 42. Rb7 b2 43. Rb1 Ra8 44. a7 Bxa7 45. R1xb2 Bc5 46. Rc7 d3 47. Ke1 Ra4 48. Kd2 Rxc4 49.
Rbb7 Bb4+ 50. Kxd3 Rc3+ 51. Ke2 Rc2+ 52. Kf3 Rd2 53.
Rxb4 1-0

[Event "Early-Titled-Tuesday-Blitz-November-28-2023"]
[Site "Chess.com"]
[Date "2023.11.28"]
[Round "8"]
[White "Aleksandar-Topalov"]
[Black "DawidCzerw"]
[Result "0-1"]
[WhiteElo "2388"]
[BlackElo "2543"]
[TimeControl "180+1"]
[EndTime "9:35:33 PST"]
[Termination "DawidCzerw won on time"]

1. b3 g6 2. Bb2 Nf6 3. Bxf6 exf6 4.
c4 d5 5. cxd5 Qxd5 6. e3 Bg7 7.
Nc3 Qa5 8. a3 c6 9. b4 Qd8 10.
d4 O-O 11. Nge2 f5 12. g3 a5 13. Rb1 axb4 14. axb4 Be6 15. Bg2 Nd7 16. O-O Nf6 17. b5 Nd5 18. bxc6 bxc6 19. Nxd5 Bxd5 20. Bxd5 Qxd5 21.
Rc1 h5 22. Nf4 Qd6 23. Qf3 Rac8 24. Rc2 Rc7 25. Rfc1 Rfc8 26. Nd3 h4 27. gxh4 Qf6 28. Ne5 c5 29. h5 Qg5+ 30. Kh1 Bxe5 31. dxe5 Kg7 32. hxg6 fxg6 33. Qd5 Qh4 34. e6 c4 35. Qe5+ Qf6 36. Qd5 c3 37. Qd3 Kf8 38. Kg2 Ke7 39.
h3 Rd8 40. Qb5 Rd6 41. Qb4 Qxe6 42. Rxc3 Rxc3 43. Qxc3 Kf7 44. Qh8 Rd7 45. Rc8 Qe7 46.
Qg8+ Kf6 47. Rf8+ Kg5 48. Qh8 Qe4+ 0-1

[Event "Early-Titled-Tuesday-Blitz-November-28-2023"]
[Site "Chess.com"]
[Date "2023.11.28"]
[Round "8"]
[White "esrosenberg"]
[Black "KNVB"]
[Result "0-1"]
[WhiteElo "2386"]
[BlackElo "2702"]
[TimeControl "180+1"]
[EndTime "9:35:36 PST"]
[Termination "KNVB won on time"]

1. d4 e5 2. dxe5 Nc6 3. Nf3 Qe7 4. Bf4 Qb4+ 5. Bd2 Qxb2 6. Nc3 Bb4 7. Rb1 Qxc3 8.
Bxc3 Bxc3+ 9. Nd2 Nxe5 10. e3 Nf6 11. Bd3 O-O 12. O-O d5 13. h3 b6 14. Nf3 Nxf3+ 15. Qxf3 Be5 16. c4 Be6 17. Bf5 Bxf5 18. Qxf5 Rae8 19. cxd5 Nxd5 20. Rbd1 g6 21. Qd7 Nc3 22.
Rd2 Ne4 23. Rc2 Nc5 24. Rxc5 bxc5 25. Qa4 Bd6 26. Rb1 Ra8 27. Qa6 Rfe8 28. g3 Re6 29. Qb7 Ree8 30. Qd5 a6 31. a4 Bf8 32. Rb7 Bd6 33.
h4 h5 34. a5 Kg7 35. Kg2 Re5 36. Qc6 Re6 37. Qd7 Re7 38. Qc6 Re6 39. Qf3 Rf6 40.
Qe2 Re6 41. Qb2+ Be5 42. Qb3 Rae8 43. Rb8 Rxb8 44. Qxb8 c4 45. Qb4 c3 46. Qc4 Bf6 47.
e4 Rd6 48. f4 Bd4 49. e5 Rd8 50. f5 gxf5 51. Kf3 Bxe5 0-1

[Event "Early-Titled-Tuesday-Blitz-November-28-2023"]
[Site "Chess.com"]
[Date "2023.11.28"]
[Round "8"]
[White "belisarius64"]
[Black "whitemirrorninja"]
[Result "1-0"]
[WhiteElo "2695"]
[BlackElo "2505"]
[TimeControl "180+1"]
[EndTime "9:35:37 PST"]
[Termination "belisarius64 won by checkmate"]

1. e4 c5 2. Nf3 d6 3. Bc4 e6 4. O-O a6 5. Re1 b5 6. Bf1 Bb7 7. a4 b4 8. d3 Nc6 9. c3 a5 10. d4 cxd4 11. cxd4 Nf6 12. d5 Ne5 13. Nxe5 dxe5 14. Bb5+ Ke7 15. Qf3 exd5 16. exd5 Qxd5 17. Qg3 Ne4 18. Qh4+ g5 19. Qh3 Rd8 20. Be3 h5 21. f3 Nd6 22. Bxg5+ f6 23. Bxf6+ Kxf6 24. Qh4+ Kf7 25.
Qxd8 Rg8 26. Qd7+ Be7 27. Bf1 Qxf3 28. Kh1 Rxg2 29. Qxb7 Rxh2+ 30. Kxh2 Nxb7 31. Bg2 Qf2 32. Rf1 Qxf1 33. Bxf1 Nc5 34. Nd2 Kf6 35. Rc1 Nxa4 36. Ne4+ Kf5 37. Re1 Nxb2 38. Ng3+ Ke6 39. Bh3+ Kf7 40.
Rf1+ Ke8 41. Nxh5 Bd6 42. Nf6+ Ke7 43. Ne4 Bc7 44. Rc1 Bb6 45. Rc6 Bd4 46. Re6+ Kd8 47.
Rd6+ Kc7 48. Rg6 a4 49. Nd6 a3 50. Nb5+ Kb7 51. Bg2+ Kc8 52. Bc6 Nc4 53. Rg8# 1-0

[Event "Early-Titled-Tuesday-Blitz-November-28-2023"]
[Site "Chess.com"]
[Date "2023.11.28"]
[Round "8"]
[White "SimplyDevina"]
[Black "Lion-Al-Messi"]
[Result "1-0"]
[WhiteElo "2399"]
[BlackElo "2606"]
[TimeControl "180+1"]
[EndTime "9:35:37 PST"]
[Termination "SimplyDevina won on time"]

1. d4 Nf6 2. c4 b6 3. Nc3 Bb7 4. Nf3 e6 5. g3 Be7 6. Bg2 O-O 7. O-O Ne4 8. Qc2 Nxc3 9. Qxc3 c5 10. Rd1 d6 11. b3 Bf6 12. Bb2 Nd7 13. Qc2 Qc7 14.
Rac1 Rad8 15. e4 e5 16. d5 g6 17. g4 Bg7 18. Re1 h6 19. Rcd1 Bc8 20. h3 f5 21. Nh4 fxg4 22. Nxg6 gxh3 23. Bxh3 Nf6 24. Bf5 Nh5 25. Nxf8 Rxf8 26. Bc1 Nf4 27. Re3 Qf7 28.
Rg3 Qh5 29. Bxc8 Ne2+ 30. Kg2 Nxg3 31. Be6+ Kh8 32. fxg3 Qf3+ 33. Kh2 h5 34. Rg1 Rf6 35. Qg2 Qd3 36. Bf5 Bh6 37. Bxh6 Rxh6 38. Rf1 h4 39. g4 h3 40. Qf2 Rf6 41. Rg1 Kg7 42. g5 Rf8 43. Rg3 Qd1 44. Rxh3 Qc1 45. Rh7+ Kg8 46. g6 Rxf5 47. exf5 Qg5 48. Rh3 Qg4 49. Rg3 Qh4+ 50. Kg2 Qe4+ 51. Qf3 Qc2+ 52. Kh3 Qe4 53.
Qxe4 1-0

[Event "Early-Titled-Tuesday-Blitz-November-28-2023"]
[Site "Chess.com"]
[Date "2023.11.28"]
[Round "8"]
[White "Rud_Makarian"]
[Black "Alexander_Donchenko"]
[Result "1/2-1/2"]
[WhiteElo "2998"]
[BlackElo "2907"]
[TimeControl "180+1"]
[EndTime "9:35:39 PST"]
[Termination "Game drawn by repetition"]

1. d4 Nf6 2. c4 g6 3. Nc3 Bg7 4.
e4 d6 5. Be2 O-O 6. Nf3 e5 7.
O-O h6 8. Qc2 Nc6 9. dxe5 dxe5 10.
Be3 Nd4 11. Bxd4 exd4 12. Nd5 Re8 13. Nxf6+ Qxf6 14. Bd3 c5 15. Rae1 Bd7 16. b3 a5 17.
a4 h5 18. Nd2 Qf4 19. g3 Qd6 20. f4 h4 21. e5 Qe7 22. Be4 Bh3 23. Rf2 Rad8 24.
Qd3 Kh8 25. Nf3 hxg3 26. hxg3 Kg8 27. Rh2 Bg4 28. Kf2 Qd7 29. Reh1 Kf8 30. Rh7 Bf5 31.
Ng5 Kg8 32. Rxg7+ Kxg7 33. Rh7+ Kg8 34. Rxf7 Bxe4 35. Qxe4 Qc6 36. Qd3 Rf8 37. Re7 Rde8 38. Ne6 Rf5 39. Rg7+ Kh8 40. Rxg6 Rxe6 41. Qxf5 Rxg6 42.
Qh5+ Kg7 43. f5 Rh6 44. Qg5+ Kh7 45. Qe7+ Kh8 46. Qf8+ Kh7 47. Qe7+ Kg8 48. Qd8+ Kh7 49. Qe7+ 1/2-1/2

[Event "Early-Titled-Tuesday-Blitz-November-28-2023"]
[Site "Chess.com"]
[Date "2023.11.28"]
[Round "8"]
[White "Khromkin"]
[Black "jamengrand"]
[Result "0-1"]
[WhiteElo "2467"]
[BlackElo "2279"]
[TimeControl "180+1"]
[EndTime "9:35:39 PST"]
[Termination "jamengrand won on time"]

1. d4 Nf6 2. c4 c6 3. Nf3 b5 4.
Nbd2 g6 5. g3 Bg7 6. Bg2 bxc4 7.
Nxc4 O-O 8. O-O Ba6 9. Qc2 d6 10.
Re1 Nbd7 11. h3 Rb8 12. b3 Nd5 13. Bd2 Nb4 14. Bxb4 Rxb4 15. Qd2 Rb8 16. Rac1 c5 17. e3 Qc7 18. Red1 Rfc8 19. h4 h6 20. h5 g5 21.
dxc5 Nxc5 22. Nd4 Qd7 23. Na5 d5 24. Ndc6 Rb5 25. a4 Rxa5 26. Nxa5 e6 27. b4 Nxa4 28. Rxc8+ Qxc8 29. e4 Bc3 30. Qa2 Nb2 31. Rb1 Nd3 32.
exd5 Nxf2 33. Kxf2 Bd4+ 34. Ke1 exd5 35. Qb3 Qe6+ 36.
Kd1 Qe2+ 37. Kc1 Be3+ 38. Qxe3 Qxe3+ 39. Kb2 Qe2+ 40. Ka3 Qxg2 41. Nc6 Qxg3+ 42. Ka4 Qd3 43. Rc1 Bb5+ 44. Ka5 Bxc6 45. Rxc6 Qa3+ 46. Kb5 d4 47. Rxh6 d3 48. Rd6 Qc3 0-1

[Event "Early-Titled-Tuesday-Blitz-November-28-2023"]
[Site "Chess.com"]
[Date "2023.11.28"]
[Round "8"]
[White "amanjazu"]
[Black "Sconko"]
[Result "0-1"]
[WhiteElo "2368"]
[BlackElo "2269"]
[TimeControl "180+1"]
[EndTime "9:35:39 PST"]
[Termination "Sconko won by checkmate"]

1. g3 Nf6 2. Bg2 c5 3. f4 d5 4. Nf3 Nc6 5. O-O g6 6. d3 Bg7 7. Nc3 d4 8. Ne4 Nxe4 9. dxe4 O-O 10. e3 Bg4 11. e5 Qb6 12. h3 Bxf3 13. Qxf3 Rad8 14.
Kh2 d3 15. cxd3 Rxd3 16. Qe2 Rfd8 17. Be4 R3d7 18. Rb1 e6 19. a3 a5 20. b3 Ne7 21.
b4 cxb4 22. axb4 axb4 23. Qe1 b3 24. Bc2 Bf8 25. Rxb3 Qc7 26. Qe2 Rd2 27. Bxd2 Qxc2 28. Rc3 Qxd2 29. Rc2 Qxe2+ 30. Rxe2 Rd3 31. Rb1 Nf5 32.
Rxb7 Nxe3 33. Ra2 Bc5 34. Rc7 Bb6 35. Rc6 Bd4 36. Rc7 Nf1+ 37. Kg2 Nxg3 38. Ra8+ Kg7 39. Rd8 Nf5 40. Rdd7 Rd2+ 41. Kf3 Rf2+ 42. Ke4 Re2+ 43.
Kd3 Re3+ 44. Kd2 Bc3+ 45. Kc2 Nd4+ 46. Kd1 Re1# 0-1

[Event "Early-Titled-Tuesday-Blitz-November-28-2023"]
[Site "Chess.com"]
[Date "2023.11.28"]
[Round "8"]
[White "SaqoChess_Twitch"]
[Black "Nikolakis2014"]
[Result "0-1"]
[WhiteElo "2634"]
[BlackElo "2792"]
[TimeControl "180+1"]
[EndTime "9:35:41 PST"]
[Termination "Nikolakis2014 won by checkmate"]

1. d4 Nf6 2. c4 g6 3. Nc3 Bg7 4. Nf3 d6 5. h3 O-O 6. Bf4 Nc6 7. e3 Nd7 8. Bg3 e5 9. dxe5 Ncxe5 10. Nxe5 Nxe5 11.
Be2 Be6 12. Qa4 Qe8 13. Qxe8 Rfxe8 14. Nd5 Rac8 15. Rc1 a5 16. Nf4 Bf5 17. Kd2 Nd7 18. b3 Nc5 19. f3 h5 20. Nd3 Bh6 21. Bf2 Bxd3 22. Bxd3 Re7 23. Bb1 Rd8 24. Ke2 Rde8 25. Rc3 Ne6 26. Kd1 Bg7 27. Rc2 Nc5 28. Re2 Rd7 29. e4 Ne6 30. Be3 h4 31. Rg1 Be5 32. Bf2 Bg3 33. Bxg3 hxg3 34. Kd2 Nf4 35. Ree1 g5 36. Rd1 f6 37. a3 Kg7 38. Bc2 c6 39.
Rde1 Red8 40. Kc3 d5 41. exd5 cxd5 42. Bf5 d4+ 43. Kd2 Rf7 44. Re4 a4 45. b4 Rc7 46.
c5 b6 47. cxb6 Rb7 48. h4 Rd6 49. Rge1 Rdxb6 50. hxg5 fxg5 51. Bh3 Kf6 52. Rxd4 Rc7 53. Re8 Rbc6 54. Rf8+ Kg7 55. Rfd8 Rc2+ 56. Kd1 Rc1+ 57. Kd2 R7c2+ 58. Ke3 Re2# 0-1

[Event "Early-Titled-Tuesday-Blitz-November-28-2023"]
[Site "Chess.com"]
[Date "2023.11.28"]
[Round "8"]
[White "Agibileg"]
[Black "Aslanov_Umid"]
[Result "0-1"]
[WhiteElo "2647"]
[BlackElo "2531"]
[TimeControl "180+1"]
[EndTime "9:35:41 PST"]
[Termination "Aslanov_Umid won by resignation"]

1. d4 d5 2. c4 e6 3. Nc3 Be7 4. Nf3 Nf6 5. Bg5 h6 6. Bh4 O-O 7. e3 b6 8. cxd5 Nxd5 9. Bxe7 Nxe7 10. Bd3 Bb7 11. O-O Nd7 12. Be4 Bxe4 13. Nxe4 c5 14. dxc5 Nxc5 15. Nxc5 bxc5 16. Qc2 Qb6 17. Rac1 Rac8 18.
Ne5 Rfd8 19. h3 Nd5 20. Nc4 Qc7 21. a3 Nb6 22. Na5 c4 23. b3 c3 24. Nc4 Nxc4 25. Qxc3 Nxe3 26. Qxc7 Rxc7 27. Rxc7 Nxf1 28. Kxf1 Rd3 29.
Rxa7 Rxb3 30. a4 Rb2 31. a5 Ra2 32. a6 g5 33. g3 Kg7 34. Kg2 Ra3 35. Ra8 Kf6 36.
Kf1 Ra2 37. Ke1 Kf5 38. Kf1 Kf6 39. Kg2 Ra3 40. h4 g4 41. h5 Ra1 42. f4 Ra2+ 43. Kf1 Kf5 44. Ke1 Ke4 45. Rh8 Kf3 46. Rxh6 Kxg3 47. Rf6 Kf3 48. Rxf7 g3 49. h6 Rxa6 50.
h7 Ra8 51. f5 g2 52. fxe6+ Ke3 53. h8=Q g1=Q+ 54. Rf1 Qg3+ 55. Kd1 Rxh8 0-1

[Event "Early-Titled-Tuesday-Blitz-November-28-2023"]
[Site "Chess.com"]
[Date "2023.11.28"]
[Round "8"]
[White "Sulthankan"]
[Black "DanylaBagrov"]
[Result "0-1"]
[WhiteElo "2369"]
[BlackElo "2593"]
[TimeControl "180+1"]
[EndTime "9:35:41 PST"]
[Termination "DanylaBagrov won by resignation"]

1. d4 d6 2. e4 Nf6 3. Nc3 e5 4. Nf3 Nbd7 5. Bc4 Be7 6. O-O O-O 7. h3 c6 8. a4 a5 9. Be3 exd4 10. Bxd4 Qc7 11.
Re1 Ne5 12. Bb3 Nfd7 13. Qe2 Nc5 14. Ba2 Be6 15. Bxe6 Nxe6 16. Be3 Rad8 17. Rad1 Bf6 18. Nd4 g6 19. f4 Nd7 20. Nxe6 fxe6 21. Qg4 Rde8 22. f5 Bxc3 23. bxc3 Ne5 24. Qg3 exf5 25. Bh6 Rf7 26. exf5 Rxf5 27. c4 Qb6+ 28. Kh1 Qc5 29. Be3 Qxc4 30. Rxd6 Qxc2 31. Bf4 Qb2 32. Rd2 Qb4 33. Bh6 Qe7 34. Rde2 Qf7 35. Bf4 Rxf4 36. Rxe5 Rxe5 37. Rxe5 Rf5 38. Re1 Rf1+ 39. Kh2 Rxe1 40.
Qxe1 Qc7+ 41. Kg1 Qd7 42. Qe5 Qd5 43. Qe8+ Kg7 44. Qe7+ Kh6 45. Qh4+ Qh5 46. Qf4+ Kg7 47. Qc7+ Kf6 48. Qxb7 Qc5+ 49. Kh2 h5 50. Qb8 Qe5+ 51.
Qxe5+ Kxe5 52. g4 c5 53. gxh5 gxh5 54. Kg3 c4 55. Kf3 Kd4 56. Ke2 Kc3 57. Ke3 Kb2 0-1

[Event "Early-Titled-Tuesday-Blitz-November-28-2023"]
[Site "Chess.com"]
[Date "2023.11.28"]
[Round "8"]
[White "Andrei_Skvortsov"]
[Black "FoxOnTheRun97"]
[Result "1-0"]
[WhiteElo "2737"]
[BlackElo "2581"]
[TimeControl "180+1"]
[EndTime "9:35:43 PST"]
[Termination "Andrei_Skvortsov won on time"]

1. e4 c6 2. e5 d5 3. exd6 exd6 4.
Nf3 Nf6 5. d4 d5 6. Bd3 Bd6 7.
Qe2+ Qe7 8. Qxe7+ Kxe7 9. Bg5 h6 10. Bh4 Nd7 11. O-O Re8 12. Nbd2 Kf8 13. Rfe1 g5 14.
Bg3 Bxg3 15. fxg3 Re6 16. h4 g4 17. Nh2 h5 18. Rxe6 fxe6 19. Re1 Ke7 20. Nhf1 Kd6 21. Ne3 c5 22. c3 cxd4 23. cxd4 Nf8 24. Rf1 Ke7 25.
Re1 Kd6 26. Nb1 Bd7 27. Nc3 a6 28. Ne2 Bb5 29. Bxb5 axb5 30. a3 Ne4 31. Rf1 Ke7 32. Kh2 Nd7 33. Nf4 Ndf6 34. Rc1 Kd7 35. Ng6 Nd6 36.
Ne5+ Kd8 37. Rf1 Nde4 38. Nc2 Rc8 39. Nb4 Ke7 40. Ra1 Nd6 41. a4 Ra8 42. a5 Nf5 43. Rc1 Kd8 44. a6 bxa6 45. Nec6+ Kd7 46. Ne5+ Kd8 47.
Nbc6+ Ke8 48. b4 Ne4 49. Ra1 Nexg3 50. Ng6 Ne4 51. Nf4 Nxh4 52. Ne5 g3+ 53. Kh1 Nf5 54.
Nxe6 1-0

[Event "Early-Titled-Tuesday-Blitz-November-28-2023"]
[Site "Chess.com"]
[Date "2023.11.28"]
[Round "8"]
[White "Dewarfd"]
[Black "andrzej"]
[Result "0-1"]
[WhiteElo "2148"]
[BlackElo "2454"]
[TimeControl "180+1"]
[EndTime "9:35:43 PST"]
[Termination "andrzej won on time"]

1. d4 d5 2. e3 Nf6 3. Nf3 e6 4. Bd3 g6 5. O-O Bg7 6. b4 O-O 7. c4 a5 8. b5 c5 9. bxc6 Nxc6 10. Nbd2 b6 11. Ba3 Re8 12. Rb1 Ba6 13. Qb3 dxc4 14.
Nxc4 b5 15. Nce5 Nxe5 16. Nxe5 b4 17. Bxa6 Rxa6 18. Bb2 Nd5 19. Rbc1 a4 20. Qc4 Qa8 21. e4 Nf4 22. g3 Nh3+ 23. Kg2 Ng5 24. f3 h5 25. h4 Nh7 26. Nc6 b3 27. axb3 a3 28.
Ba1 Nf6 29. d5 exd5 30. exd5 a2 31. d6 Kh7 32. Ne7 Rxd6 33. Qxf7 Rxe7 34. Qxe7 Rd2+ 35.
Rf2 Rd7 36. Qe2 Qa3 37. Bxf6 Qxc1 38. Bxg7 Rxg7 39. Qxa2 Qc5 40. Qc2 Qb6 41. Qb2 Rb7 42. b4 Qb5 43. Rd2 Qf5 44. Kf2 Rf7 45. Rd3 Qxd3 0-1

[Event "Early-Titled-Tuesday-Blitz-November-28-2023"]
[Site "Chess.com"]
[Date "2023.11.28"]
[Round "8"]
[White "katharinareinecke"]
[Black "Eloist"]
[Result "0-1"]
[WhiteElo "1993"]
[BlackElo "2352"]
[TimeControl "180+1"]
[EndTime "9:35:45 PST"]
[Termination "Eloist won by resignation"]

1. d4 e6 2. c4 Nf6 3. Nf3 b6 4. g3 Bb7 5. Bg2 Be7 6. O-O O-O 7. Nc3 Ne4 8. Qc2 Nxc3 9. bxc3 Nc6 10. e4 Na5 11. Qe2 d6 12. d5 e5 13. Ba3 Ba6 14.
Nd2 Bg5 15. f4 exf4 16. gxf4 Bh6 17. Rf3 Re8 18. Bf1 Bc8 19. Qg2 Qh4 20. f5 Bxd2 21.
Qxd2 Qxe4 22. Qg2 Bxf5 23. Bd3 Qxd3 24. Rxd3 Bxd3 25. Qg3 Bxc4 26. Re1 Rxe1+ 27. Qxe1 Bxd5 28. Qe7 Rc8 29. Bc1 Nc6 30. Qd7 Rf8 31. Qxc7 h6 32.
Qxd6 Rd8 33. Qg3 Be4 34. Bxh6 Bg6 35. Bf4 Rd1+ 36. Kf2 Ne7 37. h4 Nf5 38. Qf3 Ra1 39. Qa8+ Kh7 40. Qxa7 Nxh4 41. Kg3 Rg1+ 42. Kxh4 Bf5 43.
Qxb6 Rg4+ 44. Kh3 Rg6+ 45. Kh4 Rxb6 46. a4 f6 47. Kg3 g5 48. Be3 Ra6 49. c4 Rxa4 50.
c5 Rc4 51. Kf2 Kg6 52. Ke2 Be4 53. Kd2 f5 54. Ke2 f4 55. Kd2 fxe3+ 56. Kxe3 Bf5 57.
Kf3 Rxc5 0-1

[Event "Early-Titled-Tuesday-Blitz-November-28-2023"]
[Site "Chess.com"]
[Date "2023.11.28"]
[Round "8"]
[White "Elsa167"]
[Black "KaydenTroffChess"]
[Result "1-0"]
[WhiteElo "2916"]
[BlackElo "2790"]
[TimeControl "180+1"]
[EndTime "9:35:47 PST"]
[Termination "Elsa167 won by resignation"]

1. d4 Nf6 2. c4 g6 3. Nc3 d5 4. Nf3 Bg7 5. Bg5 Ne4 6. Bf4 Nxc3 7. bxc3 c5 8. cxd5 Qxd5 9. e3 O-O 10. Be2 Nc6 11.
O-O cxd4 12. cxd4 Bf5 13. Qa4 Qa5 14. Qxa5 Nxa5 15. Rfc1 Rac8 16. Nd2 Rfd8 17. Bc7 Nc6 18. Bxd8 Rxd8 19. Bf3 Nxd4 20. exd4 Bxd4 21. Nb3 Bxa1 22.
Rxa1 b6 23. Kf1 Be6 24. Ke1 a5 25. Rd1 Rc8 26. Rc1 Rd8 27. Rc7 a4 28. Nc1 Kf8 29.
a3 b5 30. Be2 Rd5 31. Nd3 Rd4 32. Nb4 Re4 33. Kd2 Rd4+ 34. Bd3 Bb3 35. Ke3 Rd6 36.
Bxb5 Re6+ 37. Kd2 Rf6 38. f3 Rd6+ 39. Bd3 e5 40. Kc3 Be6 41. Bc4 Rd1 42. Bxe6 fxe6 43.
Nd3 Rg1 44. g4 Rf1 45. Kb4 Rxf3 46. Nxe5 Re3 47. Nd7+ Ke7 48. Nb6+ Kd6 49. Nc4+ Kxc7 50.
Nxe3 Kc6 51. Kxa4 Kc5 52. Kb3 Kd4 53. Nc2+ Kc5 54. Kc3 Kd5 55. Kd3 Ke5 56. Ke3 h5 57. g5 Kf5 58. a4 Ke5 59. a5 Kd5 60. a6 Kc6 61. Nb4+ Kb6 62. Ke4 1-0

[Event "Early-Titled-Tuesday-Blitz-November-28-2023"]
[Site "Chess.com"]
[Date "2023.11.28"]
[Round "8"]
[White "Politov_Pavel"]
[Black "Willi_Skibbe"]
[Result "0-1"]
[WhiteElo "2127"]
[BlackElo "2282"]
[TimeControl "180+1"]
[EndTime "9:35:49 PST"]
[Termination "Willi_Skibbe won on time"]

1. d4 Nf6 2. c4 e6 3. Nc3 d5 4.
cxd5 exd5 5. Bg5 Be7 6. e3 h6 7. Bh4 O-O 8. Bd3 Re8 9. Nf3 c6 10. Qc2 Ne4 11. Bxe7 Qxe7 12. Bxe4 dxe4 13. Nd2 f5 14.
O-O Be6 15. Rfd1 Na6 16. a3 Bd5 17. Nxd5 cxd5 18. Qb3 Qd7 19. Rac1 Rac8 20. Nb1 Kf7 21. Nc3 Ke6 22. Ne2 g5 23. Nc3 Rc6 24. g4 fxg4 25.
Nxe4 Rec8 26. Nc3 Rc4 27. Qc2 Qf7 28. e4 Kd7 29. e5 h5 30. Re1 Nc7 31. Qd3 Ne6 32.
Ne2 R8c6 33. Rxc4 Rxc4 34. b3 Rc8 35. Qb5+ Kd8 36. Qxd5+ Ke8 37. Qb5+ Kf8 38. d5 Nc7 39. Qc5+ Qe7 40. Qxe7+ Kxe7 41. d6+ Ke6 42. dxc7 Rxc7 43.
Nd4+ Kd5 44. Nb5 Rc5 45. Nxa7 Ke6 46. b4 Rd5 47. Kg2 h4 48. Nc8 Rd3 49. a4 h3+ 50.
Kg1 Ra3 51. Nb6 Ra2 52. b5 Ra3 0-1

[Event "Early-Titled-Tuesday-Blitz-November-28-2023"]
[Site "Chess.com"]
[Date "2023.11.28"]
[Round "8"]
[White "Chemim21"]
[Black "viktorgen2021"]
[Result "0-1"]
[WhiteElo "2224"]
[BlackElo "2469"]
[TimeControl "180+1"]
[EndTime "9:35:51 PST"]
[Termination "viktorgen2021 won on time"]

1. d4 Nf6 2. Nf3 g6 3. e3 Bg7 4.
b3 O-O 5. Bb2 d6 6. Nbd2 b6 7.
Bd3 Bb7 8. O-O Nbd7 9. e4 e5 10. dxe5 Ng4 11. Rb1 Ngxe5 12. Nxe5 Nxe5 13. f4 Nxd3 14. cxd3 Bxb2 15. Rxb2 Qf6 16. Rc2 Qd4+ 17. Kh1 Qxd3 18.
Rxc7 Bxe4 19. Nxe4 Qxe4 20. Qxd6 Rad8 21. Rd7 Rxd7 22. Qxd7 Qe2 23. Rg1 Qxa2 24. f5 Qxb3 25. Qxa7 Qb5 26. fxg6 hxg6 27. h3 Qc6 28. Rb1 b5 29. Qa5 Re8 30. Qb4 Re2 31. Qg4 Rc2 32. Qf3 Rc1+ 33. Rxc1 Qxc1+ 34. Kh2 Qc7+ 35. Kg1 Qb6+ 36.
Kf1 b4 37. Qb3 Qd4 38. Ke2 Qe4+ 39. Kf2 Kg7 40. Qb2+ f6 41. Qd2 Qe7 42. g4 b3 43.
Qb2 Qc5+ 44. Kf3 Qc2 45. Qd4 b2 46. Qd7+ Kh6 47. Qe8 Qd3+ 48. Kg2 Qd2+ 49. Kf3 Qd1+ 50. Kf2 Qd4+ 51. Kf3 Qd5+ 52. Kf2 Qc5+ 53. Kf3 Kg5 54.
h4+ Kxh4 0-1

[Event "Early-Titled-Tuesday-Blitz-November-28-2023"]
[Site "Chess.com"]
[Date "2023.11.28"]
[Round "8"]
[White "atbenina64"]
[Black "Sychev_on_YouTube"]
[Result "1-0"]
[WhiteElo "2787"]
[BlackElo "2896"]
[TimeControl "180+1"]
[EndTime "9:35:56 PST"]
[Termination "atbenina64 won on time"]

1. c4 c5 2. Nf3 Nf6 3. Nc3 e6 4. g3 d5 5. cxd5 exd5 6. d4 Nc6 7. Bg2 cxd4 8. Nxd4 Bc5 9. Nxc6 bxc6 10. O-O O-O 11. Na4 Bb6 12. Qc2 Ba6 13. Nxb6 Qxb6 14.
Re1 Rfe8 15. e3 Ng4 16. Bd2 Rad8 17. Qa4 Qxb2 18. Rad1 Bc4 19. Qxc6 Qxa2 20. Qc5 Bb3 21. Qd4 Bxd1 22. Rxd1 Qc4 23. Qa1 Rc8 24. Bh3 h5 25. Bf1 Qc2 26. Be1 Qf5 27. Qxa7 Ne5 28. Bg2 Nf3+ 29. Bxf3 Qxf3 30. Qd4 h4 31. Qxd5 Re4 32.
Rd4 Rc1 33. Qa8+ Kh7 34. Qxe4+ Qxe4 35. Rxe4 Rxe1+ 36. Kg2 hxg3 37. hxg3 g6 38. Rd4 Kg7 39. Kf3 Rc1 40. Rd6 Rc2 41. e4 Rc3+ 42. Kf4 Rc2 43. f3 Rg2 44. Kg4 Rb2 45. Rd7 Rb4 46. Kf4 Kf6 47. Rd6+ Kg7 48. Rd5 Ra4 49. Kg5 Ra3 50. Kg4 Rb3 51. e5 Re3 52. f4 Ra3 53. Rd7 Kg8 54.
Kh4 Rf3 55. Rd4 Kg7 56. g4 Ra3 57. Rd7 Ra4 58. Kg5 Ra6 59. f5 gxf5 60. gxf5 Kf8 61. f6 Ra8 62. Kh6 Kg8 63. Rd4 Re8 64. Rg4+ Kf8 65.
Kh7 1-0

[Event "Early-Titled-Tuesday-Blitz-November-28-2023"]
[Site "Chess.com"]
[Date "2023.11.28"]
[Round "8"]
[White "GKARU"]
[Black "vladgoncharov"]
[Result "0-1"]
[WhiteElo "2490"]
[BlackElo "2623"]
[TimeControl "180+1"]
[EndTime "9:35:56 PST"]
[Termination "vladgoncharov won on time"]

1. d4 Nf6 2. Nf3 e6 3. Bg5 h6 4. Bh4 c5 5. Nbd2 cxd4 6. Nxd4 d5 7. e3 Nc6 8. Nxc6 bxc6 9. c4 Be7 10. Qc2 O-O 11.
Be2 Rb8 12. O-O Qb6 13. Rab1 a5 14. e4 Re8 15. Bg3 Ra8 16. Rfc1 Ba6 17. b3 Ba3 18. Re1 Rac8 19. Red1 Bb4 20. Bd3 Bxd2 21. Rxd2 Red8 22. Rbd1 a4 23. Bh4 axb3 24. axb3 g5 25. Bg3 dxc4 26. Bxc4 Rxd2 27. Rxd2 Bxc4 28. Qxc4 Qb5 29. Qd4 Qxb3 30. h3 Nh5 31. Bd6 Rd8 32. e5 Nf4 33. g3 Qb1+ 34. Kh2 Ng6 35. Qc5 Qe4 36. Rc2 Rc8 37. Rb2 h5 38. Rb4 Qf3 39. Rb2 h4 40. Qd4 hxg3+ 41.
fxg3 c5 42. Bxc5 g4 43. Rf2 Qb3 44. hxg4 Qb5 45. Bd6 Rc4 46. Qd3 Qc6 47. Qf3 Qxf3 48. Rxf3 Rxg4 49. Re3 Rg5 50. Kh3 Kg7 51. g4 Nf4+ 52.
Kh4 Rg6 53. g5 Nd5 54. Rb3 Kh7 55. Kh5 Rg8 56. Rg3 Kg7 0-1

[Event "Early-Titled-Tuesday-Blitz-November-28-2023"]
[Site "Chess.com"]
[Date "2023.11.28"]
[Round "8"]
[White "CristianS27"]
[Black "atalz0"]
[Result "1-0"]
[WhiteElo "2590"]
[BlackElo "2484"]
[TimeControl "180+1"]
[EndTime "9:35:57 PST"]
[Termination "CristianS27 won on time"]

1. e4 d5 2. exd5 Nf6 3. c4 e6 4.
dxe6 Bxe6 5. Be2 Nc6 6. Nf3 Qe7 7. O-O O-O-O 8. Nc3 Bg4 9. d3 Qd7 10. Be3 Bxf3 11. Bxf3 Qxd3 12. Qa4 Qd6 13. Nb5 Qb4 14.
Nxa7+ Nxa7 15. Qxa7 c6 16. Bb6 Bd6 17. Qa8+ Bb8 18.
Bxd8 Rxd8 19. Rad1 Rxd1 20. Rxd1 Qxc4 21. Qa5 Bc7 22.
Qa8+ Bb8 23. b3 Qf4 24. Qa5 Bc7 25. Qa8+ Bb8 26. Qa5 Bc7 27. Qd2 Qxh2+ 28. Kf1 Qh1+ 29. Ke2 Qh4 30. Qe3 Qb4 31. g3 Qa5 32. a4 Qb4 33. Rd4 Qa3 34. Rd2 Qb4 35. Qd3 Bb6 36. Kf1 Qe7 37. Re2 Qc5 38. Kg2 Bc7 39. Be4 Qe5 40. Bf3 Qc5 41. Qe3 Qxe3 42. Rxe3 Kd7 43. Rd3+ Bd6 44.
b4 Kc7 45. b5 Nd7 46. bxc6 bxc6 47. a5 Nc5 48. Rd1 Be5 49. Rc1 Bd4 50. a6 Kb6 51. a7 Kxa7 52. Bxc6 Kb6 53. Bd5 f6 54. Rc4 Be5 55.
Bg8 h6 56. f4 Bd6 57. Rc2 Kc7 58.
Kf3 Kd7 59. Bd5 Ne6 60. Ra2 1-0